AoeStats
← grandma.

Black Forest

504957248Analyzed
4v4 RM · 24d ago on Sep 7, 2026· 48m 0s· 8 players
Game mode
Random Map
Map size
Large (8 player)
Population
200
Speed
Normal
Resources
Standard
Victory
Conquest
Starting age
Dark Age
Ending age
Imperial Age
RankedLock teamsTeams togetherTeam positionsShared explorationLock speedFull tech treeHidden civsTurbo modeCheats
Victory
Defeat
🇰🇭 Magyars · Cambodia
1164
+7
🇰🇭 Bohemians · Cambodia
1012
+12
🇰🇭 Persians · Cambodia
1000
+13
🇯🇵 Romans · Japan
990
+13
🇮🇳 Turks · India
1108
-19
🇦🇺 Vikings · Australia
937
-11
🇹🇷 Lithuanians · Türkiye
851
-8
🇦🇺 Persians · Australia
812
-7
LWwcnm
10:38 Feudal Age
10:45 Man-at-Arms
11:43 Horse Collar
16:08 Scale Mail Armor
20:58 Castle Age
19:31 Double-Bit Axe
19:43 Gold Mining
20:46 Forging
21:02 Long Swordsman
22:07 Chain Mail Armor
24:49 Squires
25:47 Wheelbarrow
26:04 Stone Mining
28:46 Hand Cart
30:24 Gold Shaft Mining
29:51 Heavy Plow
34:43 Imperial Age
33:02 Bow Saw
35:22 Iron Casting
36:11 Ballistics
36:04 Legionary
36:11 Heavy Scorpion
38:19 Conscription
39:04 Blast Furnace
38:13 Siege Engineers
39:09 Chemistry
38:59 Caravan
39:11 Guilds
40:44 Ballistas
41:14 Fortified Wall
42:34 Crop Rotation
45:51 Murder Holes
46:06 Masonry
JAK 9
7:06 Loom
10:10 Feudal Age
14:09 Castle Age
12:18 Horse Collar
12:39 Double-Bit Axe
15:26 Bow Saw
15:51 Heavy Plow
21:15 Wheelbarrow
20:26 Town Watch
23:16 Stone Mining
23:18 Gold Mining
24:03 Fervor
24:37 Hand Cart
25:39 Gold Shaft Mining
28:27 Caravan
31:11 Imperial Age
28:56 Scale Barding Armor
29:20 Fletching
29:32 Padded Archer Armor
29:33 Scale Mail Armor
30:53 Bodkin Arrow
31:08 Corvinian Army
31:54 Chain Barding Armor
33:18 Chemistry
31:40 Elite Magyar Huszar
32:41 Conscription
33:46 Two-Man Saw
33:17 Crop Rotation
33:04 Bloodlines
32:54 Husbandry
35:14 Recurve Bow
34:44 Sappers
38:02 Coinage
38:19 Plate Barding Armor
38:00 Leather Archer Armor
37:45 Bracer
38:00 Chain Mail Armor
38:08 Ballistics
37:59 Masonry
37:45 Murder Holes
38:36 Light Cavalry
39:49 Banking
38:44 Elite Skirmisher
39:50 Parthian Tactics
39:32 Thumb Ring
40:19 Hoardings
41:10 Ring Archer Armor
40:05 Heavy Cavalry Archer
46:02 Hussar
48:17 Treadmill Crane
48:28 Heated Shot
48:43 Siege Engineers
48:30 Guard Tower
K_007
11:08 Feudal Age
12:21 Double-Bit Axe
12:18 Horse Collar
18:33 Castle Age
16:42 Stone Mining
18:38 Gold Mining
19:48 Bow Saw
20:00 Heavy Plow
25:18 Stone Shaft Mining
25:19 Gold Shaft Mining
24:58 Caravan
26:45 Fervor
26:57 Town Watch
28:15 Wheelbarrow
30:29 Imperial Age
28:14 Kamandaran
29:26 Hand Cart
28:58 Loom
29:16 Town Patrol
30:39 Elite War Elephant
31:46 Conscription
31:34 Scale Barding Armor
31:41 Forging
33:01 Chemistry
32:23 Ballistics
32:56 Crop Rotation
34:12 Citadels
34:09 Scale Mail Armor
34:47 Guilds
35:16 Chain Mail Armor
35:25 Chain Barding Armor
36:47 Ballistics
36:23 Murder Holes
36:52 Chain Mail Armor
38:31 Iron Casting
39:20 Plate Barding Armor
39:16 Plate Mail Armor
38:46 Heated Shot
41:00 Blast Furnace
40:36 Block Printing
42:09 Coinage
41:45 Fletching
41:56 Padded Archer Armor
44:12 Banking
44:51 Husbandry
45:03 Bloodlines
46:12 Leather Archer Armor
45:53 Bodkin Arrow
tstarkh
2:34 Loom
11:05 Feudal Age
16:55 Double-Bit Axe
16:53 Horse Collar
19:28 Castle Age
22:13 Caravan
26:05 Fervor
29:50 Imperial Age
27:39 Town Watch
30:02 Wheelbarrow
29:51 Bow Saw
31:26 Chemistry
30:47 Ballistics
32:04 Conscription
32:02 Heavy Plow
32:44 Fortified Wall
33:33 Hand Cart
34:21 Scale Mail Armor
34:31 Forging
34:16 Fletching
34:26 Padded Archer Armor
35:46 Houfnice
36:57 Town Patrol
36:37 Elite Hussite Wagon
38:04 Wagenburg Tactics
39:15 Chain Mail Armor
39:36 Iron Casting
39:17 Leather Archer Armor
38:43 Sappers
38:43 Pikeman
39:10 Arson
40:40 Hussite Reforms
40:52 Bodkin Arrow
41:40 Murder Holes
41:32 Arrowslits
43:26 Plate Mail Armor
43:57 Blast Furnace
42:58 Bracer
43:28 Ring Archer Armor
42:53 Halberdier
43:33 Squires
findingmontoo7
8:43 Loom
11:34 Feudal Age
16:24 Forging
17:01 Scale Barding Armor
21:50 Castle Age
19:57 Double-Bit Axe
20:09 Gold Mining
21:01 Bloodlines
21:31 Fishing Lines
23:00 Bow Saw
22:45 Gillnets
30:00 Imperial Age
28:10 Fletching
28:27 Thumb Ring
29:10 Bodkin Arrow
30:43 Gold Shaft Mining
31:00 Ballistics
31:08 Parthian Tactics
30:48 Town Watch
31:39 Bracer
36:11 Heavy Cavalry Archer
37:56 Padded Archer Armor
39:38 Leather Archer Armor
40:02 Chain Barding Armor
42:12 Ring Archer Armor
42:29 Sipahi
42:30 Conscription
42:11 Artillery
42:50 Plate Barding Armor
42:50 Iron Casting
Godofsinner
0:29 Loom
13:08 Feudal Age
13:46 Double-Bit Axe
15:28 Wheelbarrow
15:51 Horse Collar
21:52 Castle Age
22:10 Forging
22:06 Scale Barding Armor
22:51 Bow Saw
23:00 Caravan
23:15 Heavy Plow
24:44 Hand Cart
26:10 Gold Mining
27:00 Stone Mining
29:12 Stone Shaft Mining
29:10 Chain Barding Armor
29:26 Iron Casting
36:56 Imperial Age
36:10 Bloodlines
36:00 Husbandry
39:56 Two-Man Saw
39:28 Crop Rotation
39:16 Guilds
40:07 Tower Shields
40:51 Plate Barding Armor
40:30 Elite Leitis
GayBastard
1:28 Loom
13:23 Feudal Age
14:02 Double-Bit Axe
19:33 Gold Mining
22:09 Stone Mining
23:17 Horse Collar
27:19 Castle Age
25:37 Arson
27:39 Forging
28:04 Man-at-Arms
28:32 Crossbowman
29:25 Scale Mail Armor
34:04 Fletching
37:01 Town Watch
37:18 Pikeman
40:17 Squires
40:55 Bodkin Arrow
41:38 Padded Archer Armor
42:28 Bow Saw
43:47 Iron Casting
43:27 Chain Mail Armor
43:55 Gold Shaft Mining
grandma.
6:53 Loom
18:26 Feudal Age
18:52 Double-Bit Axe
18:50 Horse Collar
19:02 Gold Mining
19:03 Stone Mining
20:37 Fletching
20:48 Padded Archer Armor
20:57 Scale Barding Armor
21:03 Forging
21:21 Man-at-Arms
21:46 Arson
25:28 Castle Age
24:09 Padded Archer Armor
23:59 Fletching
24:12 Scale Mail Armor
26:24 Wheelbarrow
25:34 Town Watch
26:01 Heavy Plow
26:20 Bow Saw
27:08 Wheelbarrow
26:23 Town Watch
27:07 Bodkin Arrow
27:53 Crossbowman
28:39 Thumb Ring
27:54 Elite Skirmisher
28:59 Parthian Tactics
28:09 Long Swordsman
28:34 Gambesons
28:09 Pikeman
29:56 Ballistics
30:52 Gold Shaft Mining
30:52 Stone Shaft Mining
31:05 Hand Cart
31:57 Town Patrol
33:09 Stone Shaft Mining
32:44 Pikeman
33:25 Squires
35:08 Kamandaran
38:11 Leather Archer Armor
39:23 Chain Barding Armor
39:36 Masonry
39:22 Murder Holes
40:50 Thumb Ring
46:33 Iron Casting
46:14 Chain Mail Armor
Connection lost

Rejoining the realm…

Still unreachable

The connection could not be restored.

Session expired

The server has moved on; the page needs a fresh start.